Silex, neutral female gnomish Wizard ---- --- --..-- |.------....| --- |.....|.....| --.---- --......----- --.....---- |-......| |........<-- |.......| --.........| --......-- --- --.........| ----- --.......------.------...---...-- |...|---..........)...................-- |..---...--....--------........------..| |.--|..----.---- --.--....| |..| |.--|..||...| ------..| ---- |..------.--- --.--- ---G- |...--|...| |...| |GWo |....--.--- --..------E@- |.......| |.....).G..| --------- --..-------- ---- Silex the Conjurer Experience level: 4 Strength: 8 Dexterity: 11 Constitution: 13 Intelligence: 19 Wisdom: 16 Charisma: 8 Health: 0(25) Energy: 22(32) Def: 2 Gold: 97 Moves: 1381 Dungeon seed: GCZssDUqc3Ziu_kX Game ID: Silex_1472127901 Your Inventory: Coins $ - 97 gold pieces Weapons a - a blessed burnt +1 quarterstaff (weapon in hands) f - a +2 aklys (alternate weapon; not wielded) Armor e - an uncursed +0 cloak of magic resistance (being worn) r - an uncursed +0 orcish helm (being worn) Comestibles h - 3 uncursed lichen corpses m - an uncursed figue p - an uncursed banana s - an uncursed orange u - an uncursed eucalyptus leaf v - 2 uncursed food rations x - an uncursed carrot C - 2 uncursed cloves of garlic Scrolls i - 3 uncursed scrolls of identify w - 2 uncursed scrolls of teleportation D - an uncursed scroll of enchant weapon Spellbooks b - a blessed spellbook of force bolt c - an uncursed spellbook of detect unseen k - an uncursed spellbook of create monster n - an uncursed spellbook of protection o - an uncursed spellbook of sleep Potions j - an uncursed potion of water Rings g - an uncursed ring of warning A - a cursed ring of conflict Wands d - a wand of nothing (0:4) Tools l - an uncursed oil lamp (lit) (0:1026) Gems q - an uncursed amethyst stone y - an uncursed worthless piece of violet glass z - an uncursed worthless piece of yellow glass N - an uncursed worthless piece of yellowish brown glass Y - 2 uncursed worthless pieces of green glass Spells and supernatural/magical abilities: Name Level Category Fail Memory a - force bolt 1 attack 0% 94% p - protection 1 clerical 0% 94% z - sleep 1 enchantment 0% 94% O - create monster 2 clerical 62% 94% U - detect unseen 3 divination 87% 94% W - pray for help -- divine ? -- Your skills at the end: Miscellaneous Skills wands [Basic] Weapon Skills quarterstaff [Basic] crossbow [Basic] Spellcasting Skills attack spells [Basic] enchantment spells [Basic] Final Attributes: You were devoutly aligned. You were magic-protected. You had infravision. You are dead. Vanquished creatures: a gnome lord a kitten an orc zombie a coyote a gas spore a hobbit an acid blob a hobgoblin 2 cave spiders a green mold 2 red molds a gnome a garter snake a jackal 6 newts 5 goblins a sewer rat 3 grid bugs a bat 5 lichens a kobold zombie 38 creatures vanquished. Voluntary challenges: You were an atheist. You used a wielded weapon 19 times, starting on turn 42. You did not apply a unicorn horn. You read items or engraved 7 times, starting on turn 155. You never genocided any monsters. You never polymorphed an object. You never changed form. You used no wishes. You never split a pudding. You never wrote Elbereth's name. You never violated your personal moral code. Dungeon overview: The Dungeons of Doom: levels 1 to 3 Level 1 a fountain a long staircase Level 2 a fountain Level 3 stairs to The Gnomish Mines The Gnomish Mines: levels 4 to 6 Level 4 stairs to The Dungeons of Doom Level 5 Level 6 <- You were here History has recorded: On T:1 you entered the Dungeons of Doom to retrieve the Amulet of Yendor! On T:151 you reached level 2 of The Dungeons of Doom. On T:559 you advanced to experience level 2. On T:652 you reached level 3 of The Dungeons of Doom. On T:696 you reached level 1 of The Gnomish Mines. On T:784 you advanced to experience level 3. On T:1022 you reached level 2 of The Gnomish Mines. On T:1109 you advanced to experience level 4. On T:1185 you reached level 3 of The Gnomish Mines. Score breakdown: Gold: 97 ( 9 points) Experience: 4 levels ( 300 points) Exploration: 6 levels ( 150 points) Discoveries: 4 items ( 200 points) Variety of kills: 21 monsters ( 1050 points) Major goal: (nothing yet) ( 0 points) Survival: died (score multiplied by 3) Total score: 5127 Latest messages: There are a few objects here. Your lamp is now on. Your lamp is now off. Pick an object. Never mind. Pick an object. Never mind. Your lamp is now on. There are a few objects here. The air crackles around the gnomish wizard. You hit the earth elemental of Thoth. (2x) The earth elemental of Thoth pummels you! The spell misses the earth elemental of Thoth. The spell hits the earth elemental of Thoth! The earth elemental of Thoth pummels you! You die... Final status: Goodbye Silex the Wizard, killed by an earth elemental of Thoth... You died in The Gnomish Mines on dungeon level 6 with 5127 points, and 97 pieces of gold, after 1381 moves. You were level 4 with a maximum of 25 hit points when you died.